 Dungeon Crawl Stone Soup version 0.27-a0-1312-g5cdb2b3542 (webtiles) character file.

Game seed: 16103972963401411412

135464 hatdisgam the Fencer (level 17, -15/128 HPs)
             Began as a Formicid Earth Elementalist on June 19, 2021.
             Was the Champion of Cheibriados.
             Demolished by hatdisgam's illusion (illusionary) (24 damage)
             ... woven by Mara
             ... on level 3 of the Spider Nest.
             The game lasted 01:19:02 (45631 turns).

hatdisgam the Fencer (Formicid Earth Elementalist) Turns: 45631, Time: 01:19:03

Health: -15/128    AC: 22    Str: 28    XL:     17   Next: 78%
Magic:  21/26      EV: 14    Int: 37    God:    Cheibriados [******]
Gold:   1841       SH: 16    Dex: 26    Spells: 0/22 levels left

rFire    + + .     SeeInvis +   Y - +9 great sword (flame)
rCold    . . .     Faith    .   c - +2 kite shield {rPois}
rNeg     . . .     Spirit   .   L - +2 chain mail {rF+}
rPois    +         Reflect  .   (helmet unavailable)
rElec    .         Harm     .   r - +0 cloak
rCorr    .         Rampage  .   v - +2 pair of gloves
Will     +....                  F - +2 pair of boots
Stlth    ..........             (no amulet)
HPRegen  0.31/turn              d - +4 ring of slaying
MPRegen  0.20/turn              O - ring of protection from fire

@: mighty, very slow
A: permanent stasis, dig shafts and tunnels, antennae 3, four strong arms
a: Dig, Shaft Self, Renounce Religion, Bend Time, Temporal Distortion, Slouch,
Step From Time


You were on level 3 of the Spider Nest.
You worshipped Cheibriados.
Cheibriados was exalted by your worship.
You visited 5 branches of the dungeon, and saw 27 of its levels.

You collected 3019 gold pieces.
You spent 1178 gold pieces at shops.

Inventory:

Hand Weapons
 w - a +4 scimitar of flaming
 N - the +8 scimitar of Oxtufa {vamp, Str+4}
   (You took it off a deep elf zephyrmancer on level 2 of the Orcish Mines)

   It inflicts no extra harm, but heals its wielder when it wounds a living foe.
   It affects your strength (+4).
 S - a +4 long sword of freezing
 Y - a +9 great sword of flaming (weapon)
Missiles
 g - 13 curare-tipped darts
 h - 13 atropa-tipped darts
 y - 798 stones
 C - 5 throwing nets
Armour
 c - a +2 kite shield of poison resistance (worn)
 r - a +0 cloak (worn)
 v - a +2 pair of gloves (worn)
 F - a +2 pair of boots (worn)
 L - a +2 chain mail of fire resistance (worn)
 R - +0 fire dragon scales
Jewellery
 b - a ring of resist corrosion
 d - a +4 ring of slaying (left hand)
 O - a ring of protection from fire (right hand)
 V - a ring of positive energy
Wands
 l - a wand of mindburst (35)
 s - a wand of flame (7)
 B - a wand of iceblast (36)
 J - a wand of digging (8)
 Q - a wand of paralysis (20)
 T - a wand of acid (3)
Scrolls
 e - 2 scrolls of silence
 j - 4 scrolls of enchant weapon
 q - 3 scrolls of identify
 u - 5 scrolls of amnesia
 x - a scroll of summoning
 A - 3 scrolls of immolation
 D - 5 scrolls of magic mapping
 G - a scroll of brand weapon
 H - 3 scrolls of fog
 I - 6 scrolls of fear
 Z - 3 scrolls of enchant armour
Potions
 a - 4 potions of curing
 f - a potion of mutation
 i - a potion of heal wounds
 k - 10 potions of flight
 m - 6 potions of lignification
 n - 3 potions of ambrosia
 p - 2 potions of cancellation
 t - 2 potions of invisibility
 z - 3 potions of resistance
 E - 3 potions of magic
 K - a potion of attraction
 U - 4 potions of brilliance
Miscellaneous
 P - a tin of tremorstones (2/2)
 W - a phial of floods
 X - a condenser vane


   Skills:
 - Level 10.0 Fighting
 * Level 17.1 Long Blades
 - Level 10.0 Armour
 - Level 7.0 Dodging
 - Level 2.4 Stealth
 - Level 9.0 Shields
 - Level 3.4 Spellcasting
 - Level 6.7 Conjurations
 - Level 3.8 Transmutations
 + Level 6.2 Fire Magic
 - Level 6.4 Air Magic
 - Level 8.8 Earth Magic
 + Level 5.5 Poison Magic
 - Level 13.0 Invocations


You couldn't memorise any spells.
You knew the following spells:

 Your Spells              Type           Power      Damage    Failure   Level
a - Sandblast             Erth           100%       2d20      1%          1
b - Stone Arrow           Conj/Erth      100%       3d13      2%          3
c - Wereblood             Tmut           34%        N/A       5%          2
d - Mephitic Cloud        Conj/Pois/Air  52%        N/A       4%          3
e - Lee's Rapid Deconstr  Erth           32%        3d17*     13%         5
f - Sticky Flame          Conj/Fire      53%        2d7       12%         4
g - Olgreb's Toxic Radia  Pois           47%        N/A       19%         4

Your spell library contained the following spells:

 Spells                   Type           Power      Damage    Failure   Level
 Foxfire                  Conj/Fire      100%       2x1d9     1%          1
 Magic Dart               Conj           100%       1d8       1%          1
 Shock                    Conj/Air       100%       1d9       1%          1
 Passwall                 Tmut/Erth      43%        N/A       1%          2
 Static Discharge         Conj/Air       53%        N/A       1%          2
 Sting                    Tmut/Pois      100%       1d8       2%          1
 Poisonous Vapours        Pois/Air       100%       N/A       2%          2
 Beastly Appendage        Tmut           68%        N/A       3%          1
 Conjure Flame            Conj/Fire      53%        6-21      3%          3
 Ignite Poison            Fire/Tmut/Pois 45%        N/A       6%          3
 Spider Form              Tmut/Pois      20%        N/A       8%          3
 Airstrike                Air            26%        N/A       12%         4
 Petrify                  Tmut/Erth      52%        N/A       13%         4
 Inner Flame              Hex/Fire       29%        N/A       14%         3
 Summon Small Mammal      Summ           24%        N/A       19%         1
 Bolt of Magma            Conj/Fire/Erth 28%        4d13      24%         5
 Call Imp                 Summ           6%         N/A       26%         2
 Slow                     Hex            6%         N/A       26%         2
 Iskenderun's Battlesphe  Conj           54%        2d10      30%         5
 Lightning Bolt           Conj/Air       26%        1d42      32%         5
 Fireball                 Conj/Fire      26%        3d12      34%         5
 Summon Lightning Spire   Summ/Air       30%        N/A       43%         4
 Call Canine Familiar     Summ           6%         N/A       47%         3
 Gell's Gravitas          Tloc           3%         N/A       47%         3
 Portal Projectile        Hex/Tloc       12%        N/A       47%         3
 Summon Guardian Golem    Hex/Summ       6%         N/A       47%         3
 Ice Form                 Ice/Tmut       20%        N/A       63%         4
 Iron Shot                Conj/Erth      29%        9d6       73%         6
 Passage of Golubria      Tloc           N/A        N/A       87%         4
 Summon Ice Beast         Ice/Summ       6%         N/A       87%         4
 Manifold Assault         Tloc           6%         N/A       99%         5
 Dispersal                Tloc           3%         N/A       100%        6
 Orb of Destruction       Conj           27%        9d11      100%        7
 Spellforged Servitor     Conj/Summ      15%        N/A       100%        7
 Disjunction              Tloc           3%         N/A       100%        8
 Swiftness                Air            Unusable   N/A       N/A         3
 Blink                    Tloc           Unusable   N/A       N/A         2

Dungeon Overview and Level Annotations

Branches:
Dungeon (15/15)            Temple (1/1) D:6            Lair (6/6) D:8
 Spider (3/4) Lair:3        Slime (0/5) Lair:6          Orc (2/2) D:9
    Elf (0/3) Orc:2        Vaults (0/5) D:14         Depths (0/5) D:15
  Swamp: Lair:2-4    Shoals: Lair:2-4

Altars:
Ashenzari
Cheibriados
Dithmenos
Elyvilon
Fedhas
Gozag
Hepliaklqana
Kikubaaqudgha
Makhleb
Nemelex Xobeh
Okawaru
Qazlal
Ru
Sif Muna
Trog
Uskayaw
Vehumet
Wu Jian
Xom
Yredelemnul
Zin
The Shining One
Jiyva

Shops:
D:13 !   Orc:2 *?*(*

Annotations:
D:14 Roxanne
Lair:1 1 runed translucent door, Urug
Lair:4 Rupert
Lair:5 1 runed translucent door, Ceusitew's ghost, journeyman TrMo
Lair:6 1 runed translucent door
Spider:3 Mara
Abyss:1 Natasha


Innate Abilities, Weirdness & Mutations

You cannot be hasted, slowed, berserked, paralysed or teleported.
You can dig through walls and to a lower floor.
You have a pair of large antennae on your head. (SInv)
Your four strong arms can wield two-handed weapons with a shield.


Message History

Found a scroll of amnesia.
Unknown command.
Mara drinks a potion.
Mara suddenly seems more resistant.
You feel very mighty all of a sudden.
You slice Mara!!
Mara is moderately wounded.
Mara gestures at you.
There is a horrible, sudden wrenching feeling in your soul!
You slice Mara!!
Mara is moderately wounded.
Mara blinks!
Hatdisgam's illusion hits you!!! Hatdisgam's illusion burns you!
Hatdisgam's illusion gestures at you while chanting.
The ball explodes into a vile cloud!
The stinking cloud engulfs you but does no damage.
The stinking cloud engulfs Mara but does no damage.
The stinking cloud engulfs hatdisgam's illusion but does no damage.
Mara weaves an illusion.
Mara shimmers and seems to become three!
Found 22 gold pieces.
You can feel time thicken for a moment.
You block Mara's attack. Mara closely misses you.
Hatdisgam's illusion barely misses you.
You riposte.
You closely miss hatdisgam's illusion.
Hatdisgam's illusion is lightly wounded.
Mara blinks!
Mara's face changes twice.
Mara hits you with a +5 demon blade of pain!!
You writhe in agony!
* * * LOW HITPOINT WARNING * * *
Mara hits you with a +5 demon blade of pain!!
* * * LOW HITPOINT WARNING * * *
You writhe in agony.
* * * LOW HITPOINT WARNING * * *
Unknown command.
Are you sure you want to shaft yourself?
You block hatdisgam's illusion's attack.
Mara misses you.
Mara blinks!
You begin to dig a shaft.
You continue digging a shaft.
Hatdisgam's illusion hits you!!
You die...

# #.....##..#
##..^...####
#..^....#
##.!....#
##.....#
###.....#
###......##
...#..☼@§...#
......§@§R.##
......R§....R..
......./......#
....##......###
.... ........?
..# #..........
.# ...........
..........$.


You could see 3 Maras and hatdisgam's illusion (strong).

Vanquished Creatures
  Bai Suzhen (Spider:2)
  Arachne (Spider:2)
  2 orc warlords
  Nessos (D:13)
  Azrael (D:14)
  Snorg (D:10)
  Harold (D:7)
  3 fire dragons
  6 boulder beetles
  Erolcha (Orc:1)
  8 hydras
  2 ice dragons
  2 catoblepae (Lair:6)
  Erica (D:10)
  2 death knights
  3 death yaks (Lair:6)
  A two-headed ogre (D:8)
  6 centaur warriors
  3 tengu warriors
  6 orc high priests (Orc:2)
  A deep elf knight (Orc:2)
  2 skeletal warriors
  A swamp dragon (Lair:6)
  3 deep elf pyromancers (Orc:2)
  A lindwurm (Lair:6)
  A deep elf zephyrmancer (Orc:2)
  5 orb spiders
  10 orc knights
  8 ugly things
  14 wolf spiders
  7 manticores
  6 cyclopes
  5 orc sorcerers
  11 slime creatures
  10 elephants
  2 moths of wrath
  4 black mambas
  2 gargoyles (D:11)
  Maurice (D:10)
  2 torpor snails
  10 cane toads
  6 rime drakes
  3 demonic crawlers
  5 yaktaurs
  2 tengu conjurers
  An efreet (D:11)
  A freezing wraith (D:15)
  An unseen horror (D:12)
  A kobold demonologist (D:10)
  A komodo dragon (shapeshifter) (D:11)
  9 komodo dragons
  8 trolls
  23 jumping spiders
  3 polar bears
  A jumping spider (shapeshifter) (D:13)
  4 hornets
  13 blink frogs (Lair:6)
  15 dream sheep
  4 shadows
  A centaur simulacrum (D:11)
  38 redbacks
  7 wyverns
  2 vampires (D:13)
  2 wraiths (D:12)
  12 tarantellas
  41 yaks
  3 water elementals
  Eustachio (D:4)
  3 basilisks
  4 fire elementals (D:14)
  6 steam dragons
  5 vampire mosquitoes
  3 wargs
  An acid dragon (Lair:6)
  12 water moccasins
  4 hell hounds (D:14)
  43 orc warriors
  2 black bears
  A necrophage (D:7)
  A sky beast (D:5)
  11 ogres
  19 centaurs
  7 wolves
  3 kobold brigands
  Blork the orc (D:4)
  6 bullfrogs
  2 wyvern zombies
  6 scorpions
  A wyvern skeleton (D:6)
  2 water moccasin skeletons
  15 killer bees
  5 wights (D:10)
  3 jellies
  3 howler monkeys (D:10)
  14 electric eels
  A bullfrog zombie (D:6)
  7 centaur zombies
  30 orc priests
  A hound (D:6)
  Crazy Yiuf (D:3)
  7 centaur skeletons
  Jessica (D:2)
  Terence (D:3)
  13 orc wizards
  Natasha (twice) (D:4)
  9 iguanas
  4 hell rats (Lair:4)
  A hound zombie (D:5)
  13 gnolls
  9 adders
  2 white imps
  An ufetubus (D:7)
  An adder zombie (D:5)
  6 worms
  2 dart slugs
  76 orcs
  3 endoplasms
  4 giant cockroaches
  9 goblins
  10 hobgoblins
  6 jackals
  2 quokkas (D:1)
  4 ball pythons
  2 bats
  3 frilled lizards
  11 kobolds
  5 rats
796 creatures vanquished.

Vanquished Creatures (others)
  A water elemental (D:14)
  A bush (Lair:6)
  43 fungi
  80 plants
125 creatures vanquished.

Grand Total: 921 creatures vanquished

Notes
Turn   | Place    | Note
-------+----------+-------------------------------------------
     0 | D:1      | hatdisgam the Formicid Earth Elementalist began the quest
                  | for the Orb.
     0 | D:1      | Reached XP level 1. HP: 13/13 MP: 3/3
   689 | D:1      | Reached XP level 2. HP: 15/19 MP: 3/5
  2076 | D:2      | Reached XP level 3. HP: 20/24 MP: 2/7
  2209 | D:2      | Found a radiant altar of Vehumet.
  2209 | D:2      | Noticed Jessica
  2215 | D:2      | Killed Jessica
  2216 | D:2      | Reached skill level 5 in Earth Magic
  2216 | D:2      | Reached XP level 4. HP: 24/30 MP: 3/8
  2519 | D:2      | Learned a level 3 spell: Stone Arrow
  2844 | D:3      | Found a runed translucent door.
  2845 | D:3      | Noticed Crazy Yiuf
  3120 | D:3      | Noticed a golden eye
  3332 | D:3      | Noticed a golden eye
  3334 | D:3      | Found a faded altar of an unknown god.
  3336 | D:3      | Noticed a floating eye
  3336 | D:3      | Noticed a great orb of eyes
  3374 | D:3      | Noticed Terence
  3390 | D:3      | Killed Terence
  3391 | D:3      | Reached skill level 1 in Conjurations
  3391 | D:3      | Reached XP level 5. HP: 26/35 MP: 0/9
  3854 | D:2      | Reached XP level 6. HP: 41/41 MP: 4/11
  4197 | D:3      | Killed Crazy Yiuf
  4575 | D:4      | Reached skill level 1 in Fighting
  4692 | D:4      | Noticed Eustachio
  4717 | D:4      | Killed Eustachio
  4718 | D:4      | Reached XP level 7. HP: 38/49 MP: 2/12
  4877 | D:4      | Noticed a hornet
  4883 | D:4      | Killed a hornet
  4921 | D:4      | Reached XP level 8. HP: 57/57 MP: 2/13
  5141 | D:4      | Noticed Natasha
  5144 | D:4      | Killed Natasha
  5183 | D:4      | Noticed Natasha
  5191 | D:4      | Killed Natasha
  5325 | D:4      | Noticed Blork the orc
  5329 | D:4      | Killed Blork the orc
  5747 | D:4      | Noticed Natasha
  5751 | D:4      | Banished Natasha
  6053 | D:4      | Found an ornate altar of the Wu Jian Council.
  6066 | D:4      | Found a shimmering altar of Xom.
  6496 | D:5      | Entered Level 5 of the Dungeon
  6892 | D:5      | Reached skill level 5 in Conjurations
  7439 | D:5      | Learned a level 2 spell: Wereblood
  7481 | D:6      | Reached XP level 9. HP: 64/64 MP: 7/14
  7775 | D:6      | Learned a level 3 spell: Mephitic Cloud
  7852 | D:6      | Found a blossoming altar of Fedhas.
  8085 | D:6      | Found a staircase to the Ecumenical Temple.
  8104 | D:6      | Reached skill level 1 in Air Magic
  8133 | Temple   | Entered the Ecumenical Temple
  8620 | Temple   | Became a worshipper of Cheibriados the Contemplative
  8886 | D:6      | Reached skill level 5 in Fighting
  8928 | D:6      | Found a burning altar of Makhleb.
  9874 | D:7      | Reached * piety under Cheibriados
  9875 | D:7      | Reached skill level 1 in Long Blades
 10219 | D:7      | Reached skill level 2 in Long Blades
 10307 | D:7      | Noticed Harold
 10323 | D:7      | You fall into a shaft and drop 2 floors!
 10327 | D:9      | Found a staircase to the Orcish Mines.
 10729 | D:8      | Reached XP level 10. HP: 66/75 MP: 8/15
 10813 | D:8      | Found a staircase to the Lair.
 10832 | D:8      | Noticed a two-headed ogre
 11042 | D:9      | Reached skill level 3 in Long Blades
 11086 | D:8      | Killed a two-headed ogre
 11087 | D:8      | Reached skill level 4 in Long Blades
 11292 | D:8      | Reached skill level 5 in Long Blades
 11993 | D:7      | Killed Harold
 12500 | D:8      | Reached skill level 6 in Long Blades
 13372 | D:8      | Reached ** piety under Cheibriados
 13594 | D:9      | Reached XP level 11. HP: 63/80 MP: 16/16
 13791 | D:9      | Reached skill level 7 in Long Blades
 14076 | D:9      | Reached skill level 5 in Armour
 14429 | D:9      | Reached skill level 5 in Air Magic
 14495 | D:9      | Reached skill level 8 in Long Blades
 14599 | D:9      | Found a shadowy altar of Dithmenos.
 14938 | D:9      | Reached *** piety under Cheibriados
 15295 | D:9      | Found the +5 robe of Night {Dark Will+ SInv}
 15367 | D:10     | Entered Level 10 of the Dungeon
 15495 | D:10     | You fall into a shaft and drop 3 floors!
 15495 | D:13     | Noticed a cyclops
 15495 | D:13     | Noticed a cyclops
 15800 | D:11     | Noticed a cyclops
 15810 | D:11     | Killed a cyclops
 15811 | D:11     | Reached skill level 9 in Long Blades
 15811 | D:11     | Reached skill level 1 in Invocations
 16077 | D:10     | Noticed Maurice
 16093 | D:10     | Killed Maurice
 16556 | D:10     | Noticed Snorg
 16568 | D:10     | Killed Snorg
 16569 | D:10     | Reached XP level 12. HP: 50/89 MP: 1/17
 16747 | D:10     | Reached **** piety under Cheibriados
 16972 | D:10     | Found a basalt altar of Yredelemnul.
 16972 | D:10     | Found a sparkling altar of Nemelex Xobeh.
 17022 | D:10     | Noticed Erica
 17029 | D:10     | Killed Erica
 17221 | D:10     | Reached skill level 10 in Long Blades
 17322 | D:10     | Learned a level 5 spell: Lee's Rapid Deconstruction
 17554 | Lair:1   | Entered Level 1 of the Lair of Beasts
 17616 | Lair:1   | Noticed Urug
 17662 | Lair:1   | Identified the +0 chain mail "Yrurelarch" {rElec rN++ rCorr
                  | Str-4}
 18358 | Lair:1   | Found a runed translucent door.
 18524 | Lair:2   | Reached skill level 5 in Invocations
 18711 | Lair:2   | Noticed a seven-headed hydra
 18718 | Lair:2   | Killed a six-headed hydra
 18719 | Lair:2   | Reached skill level 11 in Long Blades
 18719 | Lair:2   | Reached skill level 5 in Dodging
 18967 | Lair:2   | Reached ***** piety under Cheibriados
 20787 | Lair:3   | Found a hole to the Spider Nest.
 20799 | Lair:3   | Reached XP level 13. HP: 96/96 MP: 18/18
 21575 | Lair:4   | Noticed a six-headed hydra
 21581 | Lair:4   | Killed a six-headed hydra
 21582 | Lair:4   | Reached skill level 12 in Long Blades
 21800 | Lair:4   | Noticed Rupert
 21807 | Lair:4   | You fall into a shaft and drop 2 floors!
 21807 | Lair:6   | Entered Level 6 of the Lair of Beasts
 22080 | Lair:6   | Noticed a seven-headed hydra
 22090 | Lair:6   | Killed a seven-headed hydra
 22221 | Lair:6   | Noticed a four-headed hydra
 22225 | Lair:6   | Killed a four-headed hydra
 22284 | Lair:6   | Found a runed translucent door.
 22284 | Lair:6   | Found a viscous altar of Jiyva.
 22292 | Lair:6   | Found a staircase to the Slime Pits.
 22740 | Lair:6   | Reached skill level 13 in Long Blades
 22758 | Lair:6   | Noticed a six-headed hydra
 22764 | Lair:6   | Killed a six-headed hydra
 23408 | Lair:4   | Reached ****** piety under Cheibriados
 23524 | Lair:4   | You fall into a shaft and drop 2 floors!
 23579 | Lair:5   | Reached XP level 14. HP: 74/103 MP: 16/20
 23995 | Lair:5   | Found a runed translucent door.
 23996 | Lair:5   | Found a shimmering altar of Xom.
 23996 | Lair:5   | Noticed Ceusitew's ghost (journeyman TrMo)
 24335 | Lair:4   | You fall into a shaft and drop 1 floor!
 25641 | Lair:6   | Reached skill level 14 in Long Blades
 26012 | Lair:6   | Reached skill level 10 in Invocations
 27462 | Lair:4   | You fall into a shaft and drop 1 floor!
 27758 | Orc:1    | Entered Level 1 of the Orcish Mines
 28442 | Orc:1    | Reached XP level 15. HP: 89/108 MP: 23/23
 28843 | Orc:1    | Noticed an orc warlord
 29374 | Orc:1    | Killed an orc warlord
 29375 | Orc:1    | Reached skill level 10 in Armour
 29655 | Orc:1    | Noticed Erolcha
 29665 | Orc:1    | Killed Erolcha
 29735 | Orc:2    | Entered Level 2 of the Orcish Mines
 29820 | Orc:2    | Found a staircase to the Elven Halls.
 30251 | Orc:2    | Identified the +8 scimitar of Oxtufa {vamp, Str+4}
 31315 | Orc:2    | Found Aruof's Antique Weapon Shoppe.
 31315 | Orc:2    | Found Wiysoota's General Store.
 31316 | Orc:2    | Found Otsotz's General Store.
 31316 | Orc:2    | Found Dilon's Magic Scroll Emporium.
 31489 | Orc:2    | Found Vuod's Assorted Antiques.
 31497 | Orc:2    | Bought a leatherbound book for 345 gold pieces
 31497 | Orc:2    | Bought a scroll labelled CIOTERE QUOMES for 23 gold pieces
 31597 | Orc:2    | Noticed an orc warlord
 31607 | Orc:2    | Killed an orc warlord
 31614 | Orc:2    | Reached skill level 15 in Long Blades
 31869 | Orc:2    | Bought 2 scrolls of brand weapon for 480 gold pieces
 31869 | Orc:2    | Bought a potion of magic for 96 gold pieces
 32265 | D:11     | You fall into a shaft and drop 2 floors!
 32784 | D:11     | You fall into a shaft and drop 3 floors!
 32829 | D:14     | HP: 1/112 [tengu warrior (10)]
 33904 | D:14     | Reached XP level 16. HP: 105/120 MP: 25/25
 34859 | D:14     | Noticed Azrael
 34876 | D:14     | Killed Azrael
 35706 | D:14     | Found a gate to the Vaults.
 36381 | D:13     | Found Boasown's Distillery.
 36435 | D:13     | Bought a potion of heal wounds for 65 gold pieces
 36435 | D:13     | Bought a potion of heal wounds for 65 gold pieces
 36435 | D:13     | Bought a potion of magic for 104 gold pieces
 36460 | D:13     | Noticed Nessos
 36470 | D:13     | Killed Nessos
 36766 | D:13     | Reached skill level 16 in Long Blades
 36899 | D:12     | Reached skill level 10 in Fighting
 37172 | D:12     | Identified a scroll of acquirement
 37173 | D:12     | Acquired a +2 kite shield of poison resistance
 38057 | D:11     | Learned a level 4 spell: Sticky Flame
 38515 | D:11     | Reached skill level 1 in Fire Magic
 38641 | D:11     | Reached skill level 5 in Shields
 39656 | D:14     | Found an ancient bone altar of Kikubaaqudgha.
 39669 | D:14     | Identified Roxanne's Volume of Changing
 39669 | D:14     | Noticed Roxanne
 40150 | D:15     | Entered Level 15 of the Dungeon
 40905 | D:15     | Reached XP level 17. HP: 96/128 MP: 26/26
 41092 | D:15     | Found a staircase to the Depths.
 41426 | Spider:1 | Entered Level 1 of the Spider Nest
 43363 | Spider:1 | Learned a level 4 spell: Olgreb's Toxic Radiance
 43572 | Spider:2 | Reached skill level 1 in Poison Magic
 43856 | Spider:2 | Reached skill level 5 in Fire Magic
 44604 | Spider:3 | Noticed Arachne
 44620 | Spider:2 | Killed Arachne
 44939 | Spider:3 | Noticed Bai Suzhen
 45036 | Spider:2 | Killed Bai Suzhen
 45036 | Spider:2 | HP: 3/128 [something (13)]
 45037 | Spider:2 | Reached skill level 17 in Long Blades
 45037 | Spider:2 | Reached skill level 5 in Poison Magic
 45623 | Spider:3 | Noticed Mara
 45627 | Spider:3 | Noticed hatdisgam's illusion
 45631 | Spider:3 | Demolished by hatdisgam's illusion (illusionary)

Illustrated notes

Levels and vault maps discovered:
D:1:      shiori_shiawase, layout_basic
D:2:      layout_basic, kennysheep_flooded_box, minmay_tromino_v2, uniq_jessica
D:3:      layout_basic, hellmonk_ecumenical_altar_watching_god,
          minmay_goblin_outpost, uniq_crazy_yiuf_cottage, uniq_terence
D:4:      layout_basic, amethyst_overflow_temple_binary,
          minmay_fractal_squares_5, uniq_blork_the_orc, uniq_eustachio,
          uniq_natasha
D:5:      layout_basic
D:6:      layout_cave_pods, marbit_many_paths, fedhas_ov_isle_minmay,
          minmay_temple_entry_tees
D:7:      layout_layer_cave, uniq_harold
D:8:      layout_gridville, dpeg_oklobed_lair, serial_bayou,
          serial_bayou_shore_a, serial_bayou_lake_a, serial_bayou_pond_b,
          serial_bayou_lagoon_a, serial_bayou_pond_b
D:9:      layout_basic, general_overflow_altar, orc_0_dummy,
          hellmonk_guarded_unrand_night
D:10:     layout_irregular_city, jmf_multi_god_temple,
          hangedman_abyss_or_decor_stabs, minmay_crystal_water, uniq_maurice,
          uniq_erica, uniq_snorg
D:11:     minmay_the_grid_octo_triangle [minmay_the_grid_octo_fat_diamond,
          minmay_the_grid_octo_prize_ultimate_mussel_roller,
          minmay_the_grid_octo_empty], layout_basic, library_closet
D:12:     layout_basic, enter_bailey_1
D:13:     layout_roguey, serial_shops, shop, hex_tiny, minmay_sticks_and_stones,
          uniq_nessos
D:14:     layout_basic, hangedman_vaults_entry_quadrant_bands,
          old_standard_altar, uniq_azrael, uniq_roxanne
D:15:     grunt_enter_depths_hoard, layout_cave_pools, glass_columns_b
Temple:   regret_index_temple_waves
Lair:1:   gammafunk_indiana_jones, layout_regular_city, uniq_urug
Lair:2:   layout_cellular_growth, st_stairs_12, dpeg_stationary_puzzle,
          lemuel_fruit_tree, serial_bayou_shore_b
Lair:3:   layout_small_grid, nicolae_spider_entry_non_spiders, st_stairs_9
Lair:4:   layout_layer_cave, minmay_shoals_entry_hut,
          infiniplex_staircase_pool_2, uniq_rupert
Lair:5:   layout_cave_pods, ebering_ghost_xom, st_stairs_9, grunt_megastairs_2
Lair:6:   hangedman_lair_in_review, layout_gridlike, guppyfry_lair_end_dragon,
          slime_altar_2, st_stairs_4, minivault_24, minivault_27
Spider:1: layout_spider_delve, drop_trap
Spider:2: layout_spider_delve
Spider:3: layout_spider_delve, uniq_mara, uniq_arachne, uniq_bai_suzhen
Orc:1:    layout_caves, minmay_orc_treasury, uniq_erolcha
Orc:2:    st_orc_pillars, layout_caves, serial_shops, nicolae_shop_stone,
          elf_legates

Skill      XL: |  1  2  3  4  5  6  7  8  9 10 11 12 13 14 15 16 17 |
---------------+----------------------------------------------------+-----
Earth Magic    | 4 5 6 7 8 |  8.8
Spellcasting   | 3 |  3.4
Conjurations   | 1 3 5 6 |  6.7
Fighting       | 1 2 3 5 6 7 9 10 | 10.0
Dodging        | 2 4 5 7 |  7.0
Shields        | 2 7 9 |  9.0
Transmutations | 3 |  3.8
Air Magic      | 2 4 5 6 |  6.4
Long Blades    | 2 6 9 11 13 14 15 16 17 | 17.1
Armour         | 4 6 9 10 | 10.0
Invocations    | 2 6 9 10 12 13 | 13.0
Fire Magic     | 3 6 |  6.2
Poison Magic   | 5 |  5.5
Stealth        | |  2.4

Action                   |  1- 3 |  4- 6 |  7- 9 | 10-12 | 13-15 | 16-18 || total
-------------------------+-------+-------+-------+-------+-------+-------++-------
Melee: Unarmed           |    34 |       |       |       |       |       ||    34
       Mace              |    25 |    72 |    29 |       |       |       ||   126
       Quarterstaff      |       |    10 |   113 |       |       |       ||   123
       Falchion          |       |       |    18 |   159 |       |       ||   177
       Long sword        |       |       |       |    13 |       |       ||    13
       Scimitar          |       |       |       |   133 |   664 |       ||   797
       Great sword       |       |       |       |       |   186 |   561 ||   747
 Cast: Sandblast         |    15 |    41 |    33 |    79 |    18 |       ||   186
       Stone Arrow       |       |     3 |    77 |   102 |   148 |    53 ||   383
       Mephitic Cloud    |       |       |     1 |       |     4 |       ||     5
Invok: Slouch            |       |       |       |       |    13 |     3 ||    16
       Step From Time    |       |       |       |       |     3 |     2 ||     5
       Temporal Distorti |       |       |       |       |       |     1 ||     1
 Abil: Dig               |       |     1 |     6 |    10 |    16 |    12 ||    45
       Shaft Self        |       |       |     1 |     1 |     6 |     1 ||     9
Evoke: Wand              |       |       |       |       |    14 |       ||    14
  Use: Scroll            |       |       |     8 |    12 |     9 |     7 ||    36
       Potion            |       |       |       |     2 |    11 |     3 ||    16
 Stab: Sleeping          |     8 |     2 |     4 |     4 |     1 |       ||    19
       Confused          |       |       |     1 |       |       |       ||     1
       Petrified         |       |       |       |       |     2 |       ||     2
Armor: Robe              |     7 |    33 |    88 |       |       |       ||   128
       Steam dragon scal |       |       |       |   155 |    20 |       ||   175
       Chain mail        |       |       |       |       |   262 |   348 ||   610
Dodge: Dodged            |    44 |    81 |   181 |   292 |   570 |   415 ||  1583
Block: Buckler           |       |       |    35 |   115 |   202 |    56 ||   408
       Kite shield       |       |       |       |       |       |   405 ||   405
       Rpst.: Falchion   |       |       |     2 |    41 |       |       ||    43
       Long sword        |       |       |       |     5 |       |       ||     5
       Scimitar          |       |       |       |    32 |   117 |       ||   149
       Great sword       |       |       |       |       |    21 |    92 ||   113

Table legend: (Time is in decaauts)
 A = Elapsed time spent in this place.
 B = Non-inter-level travel time spent in this place.
 C = Inter-level travel time spent in this place.
 D = Time resting spent in this place.
 E = Time spent auto-exploring this place.
 F = Levels seen in this place.
 G = Mean time per level.
                   A        B        C        D        E       F      G
               +--------+--------+--------+--------+--------+-----+--------+
         Total |  57467 |  54001 |   3466 |   9892 |  36961 |  27 | 2128.4 |
       Dungeon |  32043 |  29920 |   2123 |   5437 |  20470 |  15 | 2136.2 |
        Temple |    386 |    192 |    194 |      0 |    188 |   1 |  386.0 |
          Lair |  15187 |  14478 |    709 |   2358 |  10434 |   6 | 2531.2 |
   Spider Nest |   4310 |   4218 |     92 |    734 |   3043 |   3 | 1436.7 |
  Orcish Mines |   5539 |   5194 |    345 |   1361 |   2824 |   2 | 2769.5 |
               +--------+--------+--------+--------+--------+-----+--------+

Top non-repeatable levels by time:
    D:14: 4932 daAuts
  Lair:6: 4042 daAuts
     D:9: 3127 daAuts
   Orc:2: 3029 daAuts
  Lair:3: 3011 daAuts
  Lair:5: 2725 daAuts
     D:7: 2667 daAuts
  Lair:2: 2537 daAuts
   Orc:1: 2509 daAuts
    D:11: 2465 daAuts
Spider:2: 2416 daAuts
    D:12: 2381 daAuts
     D:8: 2333 daAuts
     D:4: 2248 daAuts
    D:10: 2013 daAuts
